 Dungeon Crawl Stone Soup version 0.28-a0-691-gad6df49e81 (webtiles) character file.

Game seed: 5376141766175552042

427 shoop the Shooter (level 6, -7/44 HPs)
             Began as a Barachi Arcane Marksman on Oct 21, 2021.
             Engulfed by a cloud of flame (15 damage)
             ... on level 5 of the Dungeon on Oct 23, 2021.
             The game lasted 00:12:26 (5696 turns).

shoop the Shooter (Barachi Arcane Marksman)         Turns: 5696, Time: 00:12:27

Health: -7/44      AC:  8    Str: 13    XL:     6   Next: 97%
Magic:  6/9        EV: 11    Int: 18    God:
Gold:   189        SH:  0    Dex: 12    Spells: 7/10 levels left

rFire   . . .      SeeInvis .   a - +0 shortbow
rCold   . . .      Faith    .   (shield currently unavailable)
rNeg    . . .      Spirit   .   e - +0 ring mail
rPois   +          Reflect  .   (no helmet)
rElec   .          Harm     .   (no cloak)
rCorr   .          Rampage  .   (no gloves)
Will    +....                   m - +2 pair of boots
Stlth   +.........              (no amulet)
HPRegen 0.14/turn               r - ring "Himaadur" {rPois Will+ Int+4}
MPRegen 0.11/turn               (no ring)

@: slow
A: amphibious, slowness 1, strong legs 1, +LOS
a: Hop


You were on level 5 of the Dungeon.
You visited 1 branch of the dungeon, and saw 5 of its levels.

You collected 189 gold pieces.

Inventory:

Hand Weapons
 a - a +0 shortbow (weapon)
 b - a +0 hand axe
Missiles
 c - 24 arrows (quivered ammo)
Armour
 d - a +0 robe
 e - a +0 ring mail (worn)
 m - a +2 pair of boots (worn)
Jewellery
 r - the ring "Himaadur" (left hand) {rPois Will+ Int+4}
   (You found it on level 4 of the Dungeon)

   [ring of willpower]

   Int:       It affects your intelligence (+4).
   rPois:     It protects you from poison.
   Will:      It increases your willpower.
 s - a ring of poison resistance
Scrolls
 f - 2 scrolls of immolation {unknown}
 g - a scroll of amnesia {unknown}
 h - a scroll of enchant weapon {unknown}
 j - 3 scrolls of identify {unknown}
 q - a scroll of summoning {unknown}
 t - a scroll of teleportation {unknown}
 u - a scroll of blinking {unknown}
Potions
 i - 2 potions of attraction {unknown}
 k - a potion of cancellation {unknown}
 l - a potion of haste {unknown}
 n - a potion of brilliance {unknown}
 o - a potion of mutation {unknown}
 p - 2 potions of curing


   Skills:
 - Level 2.0 Fighting
 - Level 2.0 Axes
 - Level 5.0 Bows
 - Level 2.0 Armour
 - Level 2.1 Dodging
 - Level 1.0 Stealth
 + Level 2.5 Spellcasting
 - Level 4.0 Hexes
 - Level 2.0 Fire Magic


You had 7 spell levels left.
You knew the following spells:

 Your Spells              Type           Power      Damage    Failure   Level
a - Inner Flame           Hex/Fire       13%        N/A       32%         3

Your spell library contained the following spells:

 Spells                   Type           Power      Damage    Failure   Level
 Slow                     Hex            16%        N/A       11%         2
 Beastly Appendage        Tmut           4%         N/A       36%         1
 Sandblast                Erth           4%         2d4       36%         1
 Portal Projectile        Hex/Tloc       18%        N/A       43%         3
 Wereblood                Tmut           2%         N/A       50%         2
 Cause Fear               Hex            8%         N/A       56%         4
 Conjure Flame            Conj/Fire      5%         6-21      58%         3
 Ignite Poison            Fire/Tmut/Pois 4%         N/A       63%         3
 Spider Form              Tmut/Pois      1%         N/A       73%         3
 Sticky Flame             Conj/Fire      5%         2d3       94%         4
 Borgnjor's Vile Clutch   Necr/Erth      1%         N/A       100%        5
 Iron Shot                Conj/Erth      1%         9d1       100%        6


Dungeon Overview and Level Annotations

Branches:
Dungeon (5/15)
 Temple: D:4-7

Altars:
Kikubaaqudgha

Shops:
D:2 (

Annotations:
D:2 1 runed translucent door, Crazy Yiuf
D:5 Grinder


Innate Abilities, Weirdness & Mutations

You are amphibious.
You cover ground slowly.
You can hop short distances.
You have an extended range of vision and can be seen from far away.


Message History

Things that are here:
a +0 whip; a +0 ring mail
There is a stone staircase leading down here.
You start resting.
HP restored.
You climb downwards.
You hear the hiss of flowing sand.
There is an entrance to an ossuary on this level.
Hurry and find it before the portal is buried!
You hear the quick hiss of an avalanche of sand nearby.
Grinder shouts!
An orc comes into view. It is wielding a +0 hand axe.
Grinder blinks!
There is a stone staircase leading up here.
Casting: Inner Flame (quite dangerous; 32% risk of failure)
Confirm with . or Enter, or press ? or * to list all spells.
The spell is quite dangerous to cast (32% risk of failure)!
Continue anyway?
Aiming: Inner Flame (quite dangerous; 32% risk of failure)
Press: ? - help, Shift-Dir - straight line, f - shadow imp
Aim: a shadow imp (chance to affect: 74%)
The shadow imp is filled with an inner flame.
The orc priest looks encouraged for a moment.
Fire: 26 arrows
Press: ? - help, Q - select action, (/) - cycle Shift-Dir - straight line, f/p - shadow imp
Aim: a shadow imp (inner flame, 57% to hit)
You shoot an arrow.
The arrow closely misses the shadow imp.
Okay, then.
Fire: 25 arrows
Press: ? - help, Q - select action, (/) - cycle Shift-Dir - straight line, f - orc priest, p - shadow imp
Aim: an orc priest, wielding a +0 hand axe and wearing a +0 leather armour (60% to hit)
You shoot an arrow. The arrow hits the shadow imp.
Flame seeps out of the shadow imp.
The shadow imp is moderately wounded.
The shadow imp is engulfed in blazing flames.
The shadow imp explodes!
The fiery explosion engulfs you!!!
Ouch! That really hurt!
* * * LOW HITPOINT WARNING * * *
You are engulfed in blazing flames.
You die...

#.oo).......#
#(# #.# #.#
####o#####
#.....o..#
#....§§§.#
#....§○§.#
#....§@§.#
##########


You could see an orc priest and an orc.

Vanquished Creatures
  A scorpion (D:4)
  A jelly (D:3)
  2 orc priests
  Jessica (D:2)
  An orc wizard (D:4)
  Natasha (thrice) (D:4)
  A hound skeleton (D:4)
  4 adders
  A shadow imp (D:5)
  A worm (D:2)
  A dart slug (D:2)
  10 orcs
  12 ball pythons
  6 bats
  8 endoplasms
  5 giant cockroaches
  4 goblins
  4 hobgoblins
  4 jackals (D:1)
  5 kobolds
  3 quokkas
  2 frilled lizards
  6 rats
86 creatures vanquished.

Notes
Turn   | Place    | Note
-------+----------+-------------------------------------------
     0 | D:1      | shoop the Barachi Arcane Marksman began the quest for the
                  | Orb.
     0 | D:1      | Reached XP level 1. HP: 15/15 MP: 2/2
   248 | D:1      | Reached skill level 1 in Axes
   285 | D:1      | Reached XP level 2. HP: 17/21 MP: 3/3
   287 | D:1      | Reached skill level 1 in Armour
   898 | D:1      | Found a faded altar of an unknown god.
  1005 | D:1      | Reached XP level 3. HP: 27/27 MP: 4/4
  1159 | D:1      | Got Sif Muna's Handbook of the Mountains
  1642 | D:2      | Reached skill level 1 in Stealth
  1974 | D:2      | Noticed Jessica
  1982 | D:2      | Killed Jessica
  1983 | D:2      | Reached XP level 4. HP: 29/33 MP: 5/5
  2017 | D:2      | Found Baapli Kyve's Antique Weapon Emporium.
  2044 | D:2      | Reached skill level 3 in Bows
  2185 | D:1      | Learned a level 3 spell: Inner Flame
  2381 | D:2      | Found a runed translucent door.
  2382 | D:2      | Noticed Crazy Yiuf
  2909 | D:3      | Reached XP level 5. HP: 38/38 MP: 6/6
  3252 | D:3      | Reached skill level 4 in Bows
  3724 | D:4      | Found an ancient bone altar of Kikubaaqudgha.
  3788 | D:4      | Noticed Natasha
  3818 | D:4      | Killed Natasha
  4065 | D:4      | Reached XP level 6. HP: 44/44 MP: 7/7
  4072 | D:4      | Reached skill level 5 in Bows
  4119 | D:4      | Reached skill level 1 in Fire Magic
  4408 | D:4      | Identified the ring "Himaadur" {rPois Will+ Int+4}
  4417 | D:4      | Noticed Natasha
  4434 | D:4      | Killed Natasha
  4637 | D:4      | Noticed Natasha
  4647 | D:4      | Killed Natasha
  5278 | D:5      | Entered Level 5 of the Dungeon
  5692 | D:5      | Noticed Grinder
  5696 | D:5      | Engulfed by a cloud of flame

Illustrated notes

Levels and vault maps discovered:
D:1:      co_arrival_square_in_a_square_in_a_square, layout_loops_cross,
          shapermc_ecumenical_altar_notcrosses, minmay_tripent
D:2:      layout_rooms, serial_shops, nicolae_shop_competitors_out_of_business,
          hangedman_abyss_or_decor_lesser_grid, uniq_jessica,
          uniq_crazy_yiuf_cottage
D:3:      layout_loops_ring
D:4:      layout_loops_ring, overflow_temple_1_default, uniq_natasha
D:5:      layout_rooms, kennysheep_mini_moat, nicolae_ossuary_entry_plus,
          st_stairs_10, uniq_grinder

Skill      XL: |  1  2  3  4  5  6 |
---------------+-------------------+-----
Axes           | 1 2 |  2.0
Armour         | 1 2 |  2.0
Fighting       | 2 |  2.0
Stealth        | 1 |  1.0
Bows           | 3 4 5 |  5.0
Fire Magic     | 2 |  2.0
Spellcasting   | 2 |  2.5
Hexes          | 4 |  4.0
Dodging        | |  2.1

Action                   |  1- 3 |  4- 6 || total
-------------------------+-------+-------++-------
Melee: Hand axe          |   122 |   140 ||   262
 Fire: Shortbow          |     8 |    94 ||   102
 Cast: Inner Flame       |       |     5 ||     5
 Abil: Hop               |       |     2 ||     2
Armor: Ring mail         |    68 |    72 ||   140
Dodge: Dodged            |    72 |   106 ||   178

Table legend: (Time is in decaauts)
 A = Elapsed time spent in this place.
 B = Non-inter-level travel time spent in this place.
 C = Inter-level travel time spent in this place.
 D = Time resting spent in this place.
 E = Time spent auto-exploring this place.
 F = Levels seen in this place.
 G = Mean time per level.
                   A        B        C        D        E       F      G
               +--------+--------+--------+--------+--------+-----+--------+
         Total |   6240 |   6011 |    229 |    880 |   4126 |   5 | 1248.0 |
       Dungeon |   6240 |   6011 |    229 |    880 |   4126 |   5 | 1248.0 |
               +--------+--------+--------+--------+--------+-----+--------+

Top non-repeatable levels by time:
     D:4: 2059 daAuts
     D:1: 1933 daAuts
     D:2: 1426 daAuts
     D:3: 764 daAuts
     D:5: 56 daAuts
